 Dungeon Crawl Stone Soup version 0.23.2-1-ga50397a (webtiles) character file.

Game seed: 2595784195811884719

8927 Fang the Fighter (level 11, -1/108 HPs)
             Began as a Gargoyle Berserker on May 29, 2019.
             Was an Elder of Trog.
             Slain by a small abomination (5 damage)
             ... on level 1 of the Abyss.
             The game lasted 00:09:00 (7277 turns).

Fang the Fighter (Gargoyle Berserker)               Turns: 7277, Time: 00:09:00

Health: -1/108     AC: 19    Str: 29    XL:     11   Next: 38%
Magic:  0/11       EV: 15    Int:  8    God:    Trog [****..]
Gold:   559        SH:  0    Dex:  9    Spells: 10/10 levels left

rFire    . . .     SeeInvis .   a - +0 war axe
rCold    . . .     Gourm    .   (no shield)
rNeg     + . .     Faith    .   b - +0 chain mail
rPois    ∞         Spirit   +   (no helmet)
rElec    +         Reflect  .   (no cloak)
rCorr    .         Harm     .   (no gloves)
MR       ++...                  (no boots)
Stlth    ..........             m - amulet of guardian spirit
HPRegen  1.28/turn              h - +3 ring of evasion
MPRegen  0.12/turn              B - ring of flight

@: berserking, regenerating, very quick
A: negative energy resistance 1, electricity resistance, unbreathing,
petrification resistance, rot immunity, AC +8
a: Berserk, Trog's Hand, Brothers in Arms, Renounce Religion, Evoke Flight


You were on level 1 of the Abyss.
You worshipped Trog.
Trog was greatly pleased with you.
You were near starving.

You visited 2 branches of the dungeon, and saw 11 of its levels.
You visited the Abyss 1 time.

You collected 559 gold pieces.

Inventory:

Hand Weapons
 a - a +0 war axe (weapon)
Armour
 b - a +0 chain mail (worn)
Jewellery
 h - a +3 ring of evasion (left hand)
 m - an amulet of guardian spirit (around neck)
 B - a ring of flight (right hand)
Wands
 p - a wand of random effects (19)
 u - a wand of digging (8)
 E - a wand of iceblast (22)
 F - a wand of enslavement (7)
 G - a wand of flame (11)
Scrolls
 d - 2 scrolls of enchant armour {unknown}
 e - 13 scrolls of identify {unknown}
 f - 5 scrolls of teleportation {unknown}
 g - 3 scrolls of amnesia {unknown}
 j - 3 scrolls of remove curse {unknown}
 l - 2 scrolls of enchant weapon {unknown}
 w - a scroll of fog {unknown}
 x - 6 scrolls of noise {unknown}
 y - a scroll of immolation {unknown}
 D - a scroll of random uselessness {unknown}
 H - a scroll of brand weapon {unknown}
Potions
 i - a potion of haste {unknown}
 k - a potion of invisibility {unknown}
 n - 3 potions of lignification {unknown}
 q - 2 potions of flight {unknown}
 r - 2 potions of degeneration {unknown}
 s - 2 potions of curing {unknown}
 t - a potion of mutation {unknown}
 v - 2 potions of brilliance {unknown}
 z - a potion of magic {unknown}
 A - 3 potions of agility
 C - a potion of heal wounds {unknown}
Comestibles
 c - 19 rations


   Skills:
 + Level 10.1 Fighting
 + Level 8.5 Axes
 + Level 9.8 Armour
 + Level 7.5 Dodging


You had 10 spell levels left.
You didn't know any spells.
Your spell library was empty.

Dungeon Overview and Level Annotations

Branches:
Dungeon (10/15)            Temple (1/1) D:5             Orc (0/2) D:10
   Lair: D:8-11

Altars:
Dithmenos
Hepliaklqana
Okawaru
Vehumet
Wu Jian
Zin

Shops:
D:5 *   D:9 ?

Annotations:
D:10 Sonja


Innate Abilities, Weirdness & Mutations

You are resistant to torment.
Your stone body is resilient. (AC +8)
You are immune to poison.
You resist negative energy. (rN+)
You are resistant to electric shocks. (rElec)
You can survive without breathing.
You are immune to petrification.
You are immune to rotting.


Message History

The small abomination barely misses you.
The ynoxinul hits you.
* * * LOW HITPOINT WARNING * * *
The small abomination hits you.
* * * LOW HITPOINT WARNING * * *
You closely miss the small abomination.
The small abomination is heavily damaged.
The small abomination hits you but does no damage.
You slash the small abomination!
The small abomination is severely damaged.
You slash the ynoxinul! The small abomination hits you.
* * * LOW HITPOINT WARNING * * *
The ynoxinul gestures at you. The iron shot misses you.
You slash the ynoxinul!
You feel the power of Trog in you as your rage grows.
You kill the ynoxinul!
Trog accepts your kill.
You barely miss the small abomination. The small abomination hits you.
You die...

..#...# #.
....... .
......## ##
.......#
#.##.#...# #. #
#......#.#
....####........#
#....x@.......
#............#
....#...........#
. #.........#...#
#...............#
...#.............
.#..........#....
.###.......#... .
......#.. ..


You could see a small abomination.

Vanquished Creatures
  A tentacled starspawn (Abyss:1)
  A two-headed ogre (D:8)
  A glowing orange brain (Abyss:1)
  An ancient zyme (Abyss:1)
  A ynoxinul (Abyss:1)
  6 yaks
  A human (D:7)
  A wyvern (D:9)
  3 hogs (D:7)
  3 hungry ghosts
  A warg (D:10)
  3 ice beasts
  4 sky beasts
  2 phantoms
  A black bear (D:6)
  3 ogres
  8 bullfrogs
  A scorpion (D:5)
  A wyvern skeleton (D:6)
  3 wights (D:7)
  10 killer bees (D:9)
  3 crimson imps (D:5)
  2 bullfrog zombies
  A howler monkey (D:8)
  A quasit (D:8)
  2 jellies
  2 orc priests
  A centaur skeleton (D:10)
  Ijyb (D:3)
  8 hounds
  5 orc wizards
  Natasha (thrice) (D:4)
  9 worker ants
  A killer bee zombie (D:5)
  A small abomination (Abyss:1)
  A hound skeleton (D:6)
  Robin (D:2)
  3 gnolls (D:5)
  10 adders
  A shadow imp (D:9)
  2 adder skeletons
  3 worms
  2 dart slugs (D:2)
  4 leopard geckos
  30 orcs
  2 ball pythons
  7 giant cockroaches
  14 hobgoblins
  2 jackals (D:2)
  8 kobolds
  5 quokkas
  9 bats
  7 frilled lizards
  16 goblins
  A quokka zombie (D:8)
  11 rats
  2 starspawn tentacles (Abyss:1)
237 creatures vanquished.

Vanquished Creatures (others)
  A kobold (D:2)
  A fungus (D:10)
  2 starspawn tentacles (Abyss:1)
4 creatures vanquished.

Grand Total: 241 creatures vanquished

Notes
Turn   | Place    | Note
-------+----------+-------------------------------------------
     0 | D:1      | Fang the Gargoyle Berserker began the quest for the Orb.
     0 | D:1      | Reached XP level 1. HP: 14/14 MP: 1/1
    70 | D:1      | Reached XP level 2. HP: 10/19 MP: 2/2
   595 | D:1      | Reached XP level 3. HP: 23/23 MP: 3/3
   783 | D:2      | Reached ** piety under Trog
   907 | D:2      | Found a radiant altar of Vehumet.
   976 | D:2      | Reached XP level 4. HP: 11/29 MP: 1/4
  1119 | D:2      | Reached skill level 4 in Fighting
  1200 | D:2      | Found a glowing silver altar of Zin.
  1274 | D:2      | Noticed Robin
  1294 | D:2      | Killed Robin
  1294 | D:2      | Reached XP level 5. HP: 33/33 MP: 3/5
  1623 | D:3      | Reached *** piety under Trog
  1706 | D:3      | Noticed Ijyb
  1740 | D:3      | Killed Ijyb
  2117 | D:3      | Reached XP level 6. HP: 39/39 MP: 6/6
  2321 | D:4      | Noticed Natasha
  2334 | D:4      | Killed Natasha
  2449 | D:4      | Noticed Natasha
  2466 | D:4      | Killed Natasha
  2620 | D:4      | Noticed Natasha
  2628 | D:4      | Killed Natasha
  2642 | D:4      | Noticed a phantom
  2667 | D:4      | Killed a phantom
  2667 | D:4      | Reached skill level 5 in Fighting
  2667 | D:4      | Reached XP level 7. HP: 42/44 MP: 7/7
  2754 | D:4      | Reached **** piety under Trog
  2943 | D:5      | Entered Level 5 of the Dungeon
  2955 | D:5      | Reached skill level 5 in Armour
  3026 | D:5      | Found Zunaal's Assorted Antiques.
  3144 | D:5      | Reached XP level 8. HP: 39/51 MP: 8/8
  3297 | D:5      | Reached skill level 6 in Fighting
  3377 | D:5      | Found a staircase to the Ecumenical Temple.
  3402 | Temple   | Entered the Ecumenical Temple
  3499 | D:5      | Reached skill level 5 in Axes
  3743 | D:5      | Found an ornate altar of the Wu Jian Council.
  4538 | D:7      | Noticed a yak
  4550 | D:7      | Killed a yak
  4550 | D:7      | Reached skill level 7 in Fighting
  4550 | D:7      | Reached XP level 9. HP: 49/57 MP: 5/9
  4551 | D:7      | Reached skill level 5 in Dodging
  4966 | D:7      | Found a hazy altar of Hepliaklqana.
  5084 | D:8      | Found an iron altar of Okawaru.
  5117 | D:8      | Noticed a two-headed ogre
  5128 | D:8      | Killed a two-headed ogre
  5128 | D:8      | Reached skill level 8 in Fighting
  5128 | D:8      | Reached XP level 10. HP: 64/64 MP: 6/10
  5706 | D:9      | Reached ***** piety under Trog
  5893 | D:9      | Found Xatuenn's Magic Scroll Shoppe.
  6048 | D:9      | Reached skill level 9 in Fighting
  6066 | D:9      | Received a gift from Trog
  6594 | D:9      | Found a shadowy altar of Dithmenos.
  6631 | D:10     | Entered Level 10 of the Dungeon
  6635 | D:10     | Found a staircase to the Orcish Mines.
  7108 | D:10     | Noticed Sonja
  7133 | D:10     | Cast into level 1 of the Abyss (Sonja)
  7183 | Abyss:1  | HP: 2/66 [ancient zyme (7)]
  7184 | Abyss:1  | Reached XP level 11. HP: 3/72 MP: 1/11
  7216 | Abyss:1  | Noticed a glowing orange brain
  7217 | Abyss:1  | HP: 2/72 [small abomination (8)]
  7235 | Abyss:1  | Killed a glowing orange brain
  7259 | Abyss:1  | Noticed a tentacled starspawn
  7270 | Abyss:1  | HP: 5/108 [small abomination (5)]
  7273 | Abyss:1  | Killed a tentacled starspawn
  7273 | Abyss:1  | Reached skill level 10 in Fighting
  7276 | Abyss:1  | HP: 3/108 [small abomination (4)]
  7277 | Abyss:1  | Slain by a small abomination

Skill      XL: |  1  2  3  4  5  6  7  8  9 10 11 |
---------------+----------------------------------+-----
Axes           | 3 4 5 6 8 |  8.5
Dodging        | 2 3 4 6 7 |  7.5
Armour         | 3 4 5 6 7 9 |  9.8
Fighting       | 4 5 7 8 9 10 | 10.1

Action                   |  1- 3 |  4- 6 |  7- 9 | 10-12 || total
-------------------------+-------+-------+-------+-------++-------
Melee: Hand axe          |   114 |   103 |       |       ||   217
       War axe           |       |   174 |   294 |   364 ||   832
Invok: Berserk           |       |     3 |     2 |     4 ||     9
       Brothers in Arms  |       |       |       |     1 ||     1
       Trog's Hand       |       |       |       |     2 ||     2
 Abil: Evoke Flight      |       |       |       |     1 ||     1
 Stab: Sleeping          |       |     1 |       |       ||     1
  Eat: Chunk             |       |     9 |     9 |    12 ||    30
       Ration            |       |       |       |     2 ||     2
Armor: Animal skin       |    38 |    41 |       |       ||    79
       Chain mail        |       |    69 |   192 |   324 ||   585
Dodge: Dodged            |   144 |   246 |   234 |   522 ||  1146
